 Dungeon Crawl Stone Soup version 0.29-a0-732-g3d7fbe0af2 (webtiles) character file.

Game seed: 16332123319936624038

85183 hquester1 the Blocker (level 15, 0/149 HPs)
             Began as a Minotaur Fighter on June 29, 2022.
             Was the Champion of Okawaru.
             Slain by Saint Roka
             ... wielding a +1 long sword of holy wrath
              (22 damage)
             ... on level 2 of the Orcish Mines.
             The game lasted 01:32:48 (24842 turns).

hquester1 the Blocker (Minotaur Fighter)           Turns: 24842, Time: 01:32:49

Health: 0/149      AC: 29    Str: 27      XL:     15   Next: 37%
Magic:  18/18      EV: 10    Int:  0 (3)  God:    Okawaru [******]
Gold:   996        SH: 33    Dex: 14      Spells: 14/14 levels left

rFire   . . .      SeeInvis .   y - +5 war axe
rCold   + . .      Faith    .   l - +10 tower shield of Ignorance {rN+ Int-4}
rNeg    + . .      Spirit   .   X - +1 plate armour of Kindness {rC+ Regen+ Int+3}
rPois   +          Reflect  +   (helmet restricted)
rElec   +          Harm     .   u - +2 cloak {Will+}
rCorr   +          Rampage  .   k - +1 pair of gloves
Will    ++...                   V - +1 pair of boots of Context {rElec Regen+ rCorr}
Stlth   ..........              h - amulet of reflection
HPRegen 1.94/turn               x - +4 ring of slaying
MPRegen 0.16/turn               a - +4 ring of protection

@: on berserk cooldown, slowed, lost intelligence, invisible, unable to read,
very slow
A: horns 2, retaliatory headbutt, talons 1, sense surroundings 1, poison
resistance, robust 1, strong 1
a: Renounce Religion, Heroism, Finesse, Duel


You were on level 2 of the Orcish Mines.
You worshipped Okawaru.
Okawaru was exalted by your worship.
You visited 4 branches of the dungeon, and saw 21 of its levels.
You also visited: Sewer and Ice Cave.

You collected 2366 gold pieces.
You spent 1370 gold pieces at shops.

Inventory:

Hand Weapons
 y - a +5 war axe (weapon)
 P - a +1 vorpal morningstar
Armour
 k - a +1 pair of gloves (worn)
 l - the +10 tower shield of Ignorance (worn) {rN+ Int-4}
   (You bought it in a shop on level 1 of the Orcish Mines)

   Int:       It affects your intelligence (-4).
   rN:        It protects you from negative energy.
 u - a +2 cloak of willpower (worn)
 F - a +4 scale mail of cold resistance
 Q - +2 acid dragon scales
 S - the +0 pair of boots of the Pink Corner {rC+++ Str+4 Int-4 Dex-4}
   (You found it on level 4 of the Lair of Beasts)

   Str:       It affects your strength (+4).
   Int:       It affects your intelligence (-4).
   Dex:       It affects your dexterity (-4).
   rC:        It renders you almost immune to cold.
 V - the +1 pair of boots of Context (worn) {rElec Regen+ rCorr}
   (Okawaru gifted it to you on level 6 of the Lair of Beasts)

   rElec:     It insulates you from electricity.
   Regen:     It increases your rate of health regeneration.
   rCorr:     It protects you from acid and corrosion.
 X - the +1 plate armour of Kindness (worn) {rC+ Regen+ Int+3}
   (Okawaru gifted it to you on level 4 of the Lair of Beasts)

   Int:       It affects your intelligence (+3).
   rC:        It protects you from cold.
   Regen:     It increases your rate of health regeneration.
Jewellery
 a - a +4 ring of protection (right hand)
 h - an amulet of reflection (around neck)
 x - a +4 ring of slaying (left hand)
 A - a +6 ring of dexterity
Wands
 d - a wand of flame (52)
 G - a wand of light (5)
 H - a wand of polymorph (5)
 K - a wand of mindburst (5)
Scrolls
 b - 2 scrolls of amnesia
 j - 5 scrolls of blinking
 n - 13 scrolls of teleportation
 o - 4 scrolls of enchant armour
 r - 2 scrolls of fear
 t - 3 scrolls of magic mapping
 E - a scroll of silence
 I - a scroll of acquirement {unknown}
 M - 4 scrolls of fog
 O - 3 scrolls of torment
 T - a scroll of immolation
 U - a scroll of brand weapon {unknown}
 Z - a scroll of poison {unknown}
Potions
 e - 2 potions of heal wounds
 f - a potion of mutation
 g - 10 potions of brilliance
 i - 8 potions of flight
 m - 3 potions of invisibility
 p - 11 potions of curing
 q - 2 potions of haste
 w - 2 potions of cancellation
 B - 2 potions of attraction
 C - a potion of berserk rage
 D - 2 potions of lignification
 J - 2 potions of magic
 N - 4 potions of ambrosia
 Y - 3 potions of resistance
Miscellaneous
 R - a phial of floods (inert)


   Skills:
 + Level 13.3 Fighting
 + Level 10.3(13.1) Axes
 + Level 13.2(14.6) Maces & Flails
 + Level 13.4 Armour
 + Level 11.7 Dodging
 + Level 11.3 Stealth
 + Level 13.5 Shields
 + Level 5.4 Invocations
 + Level 4.9 Evocations


You had 14 spell levels left.
You didn't know any spells.
Your spell library contained the following spells:

 Spells                   Type           Power      Damage    Failure   Level
 Sting                    Tmut/Pois      0%         1d3       100%        1
 Blink                    Tloc           0%         N/A       100%        2
 Poisonous Vapours        Pois/Air       0%         N/A       100%        2
 Static Discharge         Conj/Air       0%         N/A       100%        2
 Conjure Flame            Conj/Fire      0%         6-21      100%        3
 Gell's Gravitas          Tloc           0%         N/A       100%        3
 Ignite Poison            Fire/Tmut/Pois 0%         N/A       100%        3
 Lesser Beckoning         Tloc           0%         N/A       100%        3
 Teleport Other           Tloc           0%         N/A       100%        3
 Dispel Undead            Necr           0%         3d6       100%        4
 Fulminant Prism          Conj/Hex       0%         3d6       100%        4
 Iskenderun's Mystic Bla  Conj/Tloc      0%         2d3       100%        4
 Olgreb's Toxic Radiance  Pois           0%         N/A       100%        4
 Passage of Golubria      Tloc           0%         N/A       100%        4
 Sticky Flame             Conj/Fire      0%         2d3       100%        4
 Fireball                 Conj/Fire      0%         3d3       100%        5
 Lee's Rapid Deconstruct  Erth           0%         3d5*      100%        5
 Manifold Assault         Tloc           0%         N/A       100%        5
 Silence                  Hex/Air        0%         N/A       100%        5
 Starburst                Conj/Fire      0%         6d3       100%        6
 Orb of Destruction       Conj           0%         9d5       100%        7
 Storm Form               Tmut/Air       0%         N/A       100%        7
 Ignition                 Fire           0%         3d3       100%        8
 Lehudib's Crystal Spear  Conj/Erth      0%         10d2      100%        8
 Summon Guardian Golem    Hex/Summ       Unusable   N/A       N/A         3
 Spellforged Servitor     Conj/Summ      Unusable   N/A       N/A         7

Dungeon Overview and Level Annotations

Branches:
Dungeon (12/15)            Temple (1/1) D:5            Lair (6/6) D:11
 Shoals (0/4) Lair:3       Spider (0/4) Lair:2        Slime (0/5) Lair:6
    Orc (2/2) D:11            Elf (0/3) Orc:2         Sewer (visited)
  IceCv (visited)

Altars:
Ashenzari
Cheibriados
Dithmenos
Elyvilon
Fedhas
Gozag
Hepliaklqana
Kikubaaqudgha
Makhleb
Nemelex Xobeh
Okawaru
Qazlal
Ru
Sif Muna
Trog
Uskayaw
Vehumet
Wu Jian
Xom
Yredelemnul
Zin
The Shining One
Beogh
Jiyva

Shops:
D:5 =   D:8 =   D:11 !   Orc:1 [

Annotations:
D:12 1 runed translucent door, zeratav's ghost, journeyman SpHu
Lair:2 3 runed translucent doors, Qyacsuop's ghost, journeyman DsAK
Orc:2 Saint Roka


Innate Abilities, Weirdness & Mutations

You have a pair of horns on your head.
You reflexively headbutt those who attack you in melee.
You have sharp toenails.
You passively map a small area around you.
Your system is resistant to poisons. (rPois)
You are robust. (+10% HP)
Your muscles are strong. (Str +4, Int/Dex -1)


Message History

You block the orc warrior's attack. You block Saint Roka's attack.
The orc high priest completely misses you.
You furiously retaliate!
You headbutt the orc high priest.
Saint Roka hits you with a +1 long sword of holy wrath!!
* * * LOW HITPOINT WARNING * * *
You block the orc high priest's attack.
You hit Saint Roka but do no damage.
Saint Roka is almost dead.
You slash the orc knight! You hit the orc high priest.
You block the orc warrior's attack. You block Saint Roka's attack.
The orc high priest shouts, "You must be punished!"
The orc high priest mumbles some strange prayers to Beogh against the orc knight.
The orc knight resists with significant effort.
You block the orc knight's attack. The orc warrior completely misses you.
Unknown command.
You feel much better.
The orc warrior no longer looks unusually strong.
Saint Roka mumbles some strange prayers to Beogh against you.
Beogh smites you!
The orc priest calls down the wrath of Beogh upon the orc high priest.
The orc high priest easily resists.
You block the orc knight's attack. The orc high priest barely misses you.
The orc warrior hits you from afar with a +0 halberd!
* * * LOW HITPOINT WARNING * * *
The orc wizard gestures at the orc warrior while chanting.
The orc warrior appears confused.
The orc warrior hits something with a +0 war axe of flaming!
The orc warrior burns something.
The orc warrior hits itself with a +0 war axe of flaming!
The orc warrior dies!
Saint Roka invokes the aid of Beogh against you.
Beogh smites you!
* * * LOW HITPOINT WARNING * * *
You block the orc knight's attack.
The orc high priest hits you with a +0 mace.
* * * LOW HITPOINT WARNING * * *
Unknown command.
Saint Roka calls out, "Only Beogh rules here!"
Saint Roka hits you with a +1 long sword of holy wrath!!
You die...

#...#3o........#
##oo.......##.## ###
#)33o.....)....# ##.##
.).3o..........## #...##
.)3{......[.#...#####....##
#...o......#>..##.........#
....o..3.....o##......##..##
#....o...[...oo))..........#
.....#...#.)[ooo@.#........##
........##[[).oo............#
#.#.......[................##
#...........................#
...........................##
#........<................##
...............[)..........#
............<[..)[.........#
#............[..[#.##.......#


You could see Saint Roka (strong, can't see you), 2 orc knights, an orc high
priest (strong, can't see you), an orc warrior (strong, can't see you), an orc
priest (strong, can't see you), an orc wizard (strong, can't see you) and an orc
(strong, can't see you).

Vanquished Creatures
  Rupert (Lair:4)
  A reaper (IceCv)
  3 boulder beetles
  Harold (D:10)
  An ice dragon (Lair:6)
  2 catoblepae
  An ogre mage (Orc:2)
  A hydra (Lair:1)
  4 two-headed ogres
  3 death yaks (Lair:5)
  The ghost of gdog the Covert, a novice GnDe of Gozag (D:9)
  An orc high priest (Orc:2)
  Nergalle (Lair:3)
  3 lindwurms
  Pikel (D:6)
  The ghost of Palms the Cleaver, a novice PaMo (D:6)
  2 manticores
  A deep elf pyromancer (D:12)
  7 orc knights (Orc:2)
  2 wolf spiders (Lair:6)
  2 ugly things
  5 orc sorcerers
  3 cyclopes
  9 elephants
  2 spectral centaurs (D:9)
  Joseph (D:10)
  An ice statue (IceCv)
  A guardian serpent (Lair:6)
  2 merfolk sirens (Lair:3)
  9 black mambas
  5 torpor snails (Lair:6)
  12 cane toads
  A gargoyle (D:11)
  2 unseen horrors (D:12)
  4 rime drakes
  Maggie (Lair:2)
  2 anaconda simulacra (IceCv)
  4 komodo dragons
  A queen bee (Lair:2)
  7 trolls
  3 tyrant leeches (Lair:6)
  11 hornets
  25 blink frogs
  A meliai zombie (D:9)
  9 dream sheep
  2 centaur simulacra (D:9)
  A water elemental (D:11)
  Sigmund (D:3)
  2 shadows
  A wraith (D:9)
  19 wyverns
  A vampire (D:11)
  3 dire elephant simulacra (IceCv)
  72 yaks
  3 redbacks
  4 steam dragons
  4 basilisks
  2 harpy simulacra (IceCv)
  4 acid dragons
  5 wargs
  31 water moccasins
  2 sky beasts
  28 orc warriors
  2 black bears
  5 ice beasts
  7 ogres
  13 wolves
  4 centaurs
  A phantom (D:4)
  5 kobold brigands
  6 two-headed ogre simulacra (IceCv)
  3 bullfrogs
  3 gnoll sergeants (D:6)
  5 scorpions
  2 necrophages
  5 cane toad simulacra (IceCv)
  13 wights
  An elephant simulacrum (IceCv)
  34 killer bees
  8 electric eels
  8 howler monkeys
  Crazy Yiuf (D:2)
  6 hounds
  3 gnoll shamans
  17 orc priests
  Jessica (D:3)
  6 hell rats (Lair:6)
  4 iguanas (D:5)
  26 orc wizards
  4 polar bear simulacra (IceCv)
  5 troll simulacra (IceCv)
  4 spriggan simulacra (IceCv)
  2 wolf simulacra (IceCv)
  13 gnolls
  11 adders
  5 naga simulacra (IceCv)
  4 river rats
  19 white imps
  5 ufetubi
  8 worms
  79 orcs
  5 bats
  6 endoplasms
  5 giant cockroaches (D:4)
  2 goblins
  3 hobgoblins
  3 jackals (D:1)
  2 quokkas
  10 ball pythons
  8 frilled lizards
  14 kobolds
  7 rats
759 creatures vanquished.

Vanquished Creatures (others)
  An orc warrior (Orc:2)
  An orc priest (Orc:2)
  3 orcs
  55 fungi
  116 plants
176 creatures vanquished.

Grand Total: 935 creatures vanquished

Notes
Turn   | Place    | Note
-------+----------+-------------------------------------------
     0 | D:1      | hquester1 the Minotaur Fighter began the quest for the Orb.
     0 | D:1      | Reached XP level 1. HP: 19/19 MP: 0/0
   129 | D:1      | Found a faded altar of an unknown god.
   341 | D:1      | Reached XP level 2. HP: 27/27 MP: 1/1
   587 | D:2      | Reached skill level 1 in Dodging
   845 | D:2      | Reached XP level 3. HP: 33/33 MP: 2/2
   882 | D:2      | You fall into a shaft and drop 1 floor!
  1073 | D:2      | Found a snail-covered altar of Cheibriados.
  1229 | D:2      | Found a runed translucent door.
  1230 | D:2      | Noticed Crazy Yiuf
  1240 | D:2      | Killed Crazy Yiuf
  1241 | D:2      | Reached XP level 4. HP: 29/40 MP: 3/3
  1742 | D:3      | Found a snail-covered altar of Cheibriados.
  2153 | D:3      | Noticed Jessica
  2177 | D:3      | Killed Jessica
  2178 | D:3      | Reached XP level 5. HP: 47/47 MP: 4/4
  2184 | D:3      | Noticed Sigmund
  2222 | D:3      | Found a shimmering blue altar of Sif Muna.
  2519 | D:4      | Found a glowing drain.
  2525 | Sewer    | Entered a sewer
  2746 | Sewer    | Reached skill level 5 in Armour
  2746 | Sewer    | Reached skill level 5 in Shields
  2746 | Sewer    | Reached XP level 6. HP: 45/55 MP: 5/5
  2890 | Sewer    | Reached skill level 5 in Fighting
  3289 | Sewer    | Reached XP level 7. HP: 54/61 MP: 6/6
  3404 | D:4      | Reached skill level 5 in Maces & Flails
  3528 | D:4      | Found a sparkling altar of Nemelex Xobeh.
  4157 | D:5      | Entered Level 5 of the Dungeon
  4252 | D:5      | Found a staircase to the Ecumenical Temple.
  4283 | Temple   | Entered the Ecumenical Temple
  4425 | D:5      | Reached XP level 8. HP: 64/70 MP: 7/7
  5150 | D:5      | Found an ornate altar of the Wu Jian Council.
  5199 | D:5      | Found Nufeklozya's Jewellery Boutique.
  5504 | D:6      | Noticed Pikel
  5515 | D:6      | Killed Pikel
  5516 | D:6      | Reached skill level 5 in Dodging
  5521 | D:6      | Reached XP level 9. HP: 51/79 MP: 8/8
  5658 | D:6      | Found a runed translucent gate.
  5658 | D:6      | Found a runed translucent gate.
  5658 | D:6      | Found an opulent altar of Gozag.
  5660 | D:6      | Found a runed translucent gate.
  5812 | D:6      | Found a burning altar of Makhleb.
  5866 | D:6      | Paralysed by a hornet for 1 turns
  5910 | D:6      | Noticed a cyclops
  6332 | D:6      | Killed a cyclops
  6696 | D:6      | Reached skill level 1 in Stealth
  6696 | D:6      | Reached XP level 10. HP: 63/84 MP: 9/9
  6962 | D:6      | Noticed a two-headed ogre
  6963 | D:6      | Noticed Palms's ghost (novice PaMo)
  7171 | D:7      | Noticed a boulder beetle
  7188 | D:7      | Killed a boulder beetle
  7823 | D:7      | Found a glowing golden altar of the Shining One.
  7886 | D:7      | Noticed a manticore
  7896 | D:7      | Killed a manticore
  7897 | D:7      | Reached skill level 1 in Axes
  8023 | D:7      | Noticed a brown ugly thing
  8037 | D:7      | Killed a brown ugly thing
  9219 | D:8      | Found Teenke's Jewellery Shop.
  9239 | D:8      | Reached XP level 11. HP: 41/97 MP: 10/10
  9466 | D:8      | Bought a +4 ring of protection for 360 gold pieces
  9468 | D:8      | Gained mutation: Your spells are a little harder to cast,
                  | but a little more powerful. [potion of mutation]
  9468 | D:8      | Gained mutation: Your mind is acute. (Int +4, Str/Dex -1)
                  | [potion of mutation]
  9468 | D:8      | Gained mutation: You have sharp toenails. [potion of
                  | mutation]
  9471 | D:8      | Lost mutation: Your spells are a little harder to cast, but
                  | a little more powerful. [potion of mutation]
  9471 | D:8      | Lost mutation: Your mind is acute. (Int +4, Str/Dex -1)
                  | [potion of mutation]
  9471 | D:8      | Lost mutation: You have sharp toenails. [potion of
                  | mutation]
  9471 | D:8      | Gained mutation: You are occasionally teleported next to
                  | monsters. [potion of mutation]
  9889 | D:8      | Found a bloodstained altar of Trog.
 10094 | D:9      | Reached skill level 5 in Stealth
 10168 | D:9      | Found a runed translucent gate.
 10169 | D:9      | Found a runed translucent gate.
 10169 | D:9      | Found a runed translucent gate.
 10171 | D:9      | Noticed gdog's ghost (novice GnDe)
 10203 | D:9      | Found an iron altar of Okawaru.
 10261 | D:9      | Became a worshipper of Warmaster Okawaru
 10332 | D:9      | Noticed a two-headed ogre
 10336 | D:9      | Killed a two-headed ogre
 10519 | D:9      | Reached skill level 10 in Armour
 10701 | D:9      | Reached * piety under Okawaru
 10702 | D:9      | Reached skill level 10 in Fighting
 11030 | D:10     | Entered Level 10 of the Dungeon
 11071 | D:10     | Reached skill level 10 in Shields
 11183 | D:10     | Reached ** piety under Okawaru
 11407 | D:10     | Found a stormy altar of Qazlal.
 11413 | D:10     | Noticed Joseph
 11429 | D:10     | Killed Joseph
 11430 | D:10     | Reached skill level 10 in Maces & Flails
 11536 | D:10     | Reached skill level 5 in Axes
 11839 | D:10     | Noticed Harold
 11863 | D:10     | Killed Harold
 11863 | D:10     | Reached *** piety under Okawaru
 12228 | D:11     | Found a staircase to the Orcish Mines.
 12622 | D:11     | Reached XP level 12. HP: 23/108 MP: 11/11
 13060 | D:11     | Found Naschaif's Distillery.
 13065 | D:11     | Bought 2 potions of mutation for 208 gold pieces
 13065 | D:11     | Lost mutation: You are occasionally teleported next to
                  | monsters. [potion of mutation]
 13065 | D:11     | Gained mutation: Your system is resistant to poisons.
                  | (rPois) [potion of mutation]
 13065 | D:11     | Gained mutation: You occasionally lose the ability to drink
                  | potions when taking damage. [potion of mutation]
 13065 | D:11     | Gained mutation: You have sharp toenails. [potion of
                  | mutation]
 13066 | D:11     | Lost mutation: You have sharp toenails. [potion of
                  | mutation]
 13066 | D:11     | Lost mutation: Your system is resistant to poisons. (rPois)
                  | [potion of mutation]
 13066 | D:11     | Gained mutation: You have sharp toenails. [potion of
                  | mutation]
 13066 | D:11     | Gained mutation: Your system is resistant to poisons.
                  | (rPois) [potion of mutation]
 13066 | D:11     | Gained mutation: A frigid envelope surrounds you and
                  | freezes all who hurt you. [potion of mutation]
 13115 | D:11     | Found a hazy altar of Hepliaklqana.
 13362 | D:11     | Found a staircase to the Lair.
 13430 | D:11     | Noticed a boulder beetle
 13441 | D:11     | Killed a boulder beetle
 13441 | D:11     | Reached **** piety under Okawaru
 13804 | D:12     | Noticed a boulder beetle
 13813 | D:12     | Killed a boulder beetle
 13852 | D:12     | Noticed zeratav's ghost (journeyman SpHu)
 14031 | D:12     | Found a runed translucent door.
 14040 | D:12     | Found a glowing silver altar of Zin.
 14200 | Lair:1   | Entered Level 1 of the Lair of Beasts
 14316 | Lair:1   | Noticed a catoblepas
 14325 | Lair:1   | Killed a catoblepas
 14368 | Lair:1   | Reached ***** piety under Okawaru
 14914 | Lair:1   | Noticed a seven-headed hydra
 14920 | Lair:1   | Killed a seven-headed hydra
 15123 | Lair:2   | Noticed Maggie
 15135 | Lair:2   | Killed Maggie
 15235 | Lair:2   | Found a glowing golden altar of the Shining One.
 15237 | Lair:2   | Found a hole to the Spider Nest.
 15264 | Lair:2   | Found a frozen archway.
 15288 | IceCv    | Entered an ice cave
 15951 | IceCv    | Reached XP level 13. HP: 115/116 MP: 12/12
 16099 | IceCv    | Received a gift from Okawaru
 16238 | IceCv    | Reached skill level 10 in Dodging
 16256 | IceCv    | Noticed a reaper
 16267 | IceCv    | HP: 4/116 [reaper/+2 scythe of freezing (10)]
 16272 | IceCv    | Killed a reaper
 16676 | IceCv    | Identified the +3 battleaxe of Vefil {speed, rElec Str+2
                  | Dex+4 Stlth+}
 17143 | Lair:2   | Found a runed translucent gate.
 17143 | Lair:2   | Found a runed translucent gate.
 17143 | Lair:2   | Found a runed translucent gate.
 17143 | Lair:2   | Found a viscous altar of Jiyva.
 17143 | Lair:2   | Noticed Qyacsuop's ghost (journeyman DsAK)
 17249 | Lair:2   | Reached skill level 1 in Invocations
 17253 | Lair:2   | Reached skill level 1 in Evocations
 18411 | D:3      | Killed Sigmund
 18702 | D:6      | Killed Palms's ghost
 18868 | D:9      | Killed gdog's ghost
 19843 | Lair:3   | Noticed Nergalle
 19858 | Lair:3   | Killed Nergalle
 20043 | Lair:3   | Found a staircase to the Shoals.
 20380 | Lair:4   | Reached ****** piety under Okawaru
 20456 | Lair:4   | Received a gift from Okawaru
 20471 | Lair:4   | Identified the +0 pair of boots of the Pink Corner {rC+++
                  | Str+4 Int-4 Dex-4}
 20692 | Lair:4   | Reached XP level 14. HP: 127/127 MP: 15/15
 20706 | Lair:4   | Noticed Rupert
 20720 | Lair:4   | Killed Rupert
 20732 | Lair:4   | Reached skill level 10 in Stealth
 21089 | Lair:4   | Identified the +1 plate armour of Kindness {rC+ Regen+
                  | Int+3} (Okawaru gifted it to you on level 4 of the Lair of
                  | Beasts)
 21089 | Lair:4   | Received a gift from Okawaru
 22129 | Lair:6   | Entered Level 6 of the Lair of Beasts
 22203 | Lair:6   | Lost mutation: A frigid envelope surrounds you and freezes
                  | all who hurt you. [potion of mutation]
 22203 | Lair:6   | Lost mutation: You occasionally lose the ability to drink
                  | potions when taking damage. [potion of mutation]
 22203 | Lair:6   | Gained mutation: You passively map a small area around you.
                  | [potion of mutation]
 22203 | Lair:6   | Gained mutation: You are robust. (+10% HP) [potion of
                  | mutation]
 22203 | Lair:6   | Gained mutation: Your muscles are strong. (Str +4, Int/Dex
                  | -1) [potion of mutation]
 23044 | Lair:6   | Found a runed translucent door.
 23092 | Lair:6   | Identified the +1 pair of boots of Context {rElec Regen+
                  | rCorr} (Okawaru gifted it to you on level 6 of the Lair of
                  | Beasts)
 23092 | Lair:6   | Received a gift from Okawaru
 23314 | Lair:6   | Reached XP level 15. HP: 142/148 MP: 17/17
 23424 | Lair:6   | Found a staircase to the Slime Pits.
 23424 | Lair:6   | Found a viscous altar of Jiyva.
 23887 | Orc:1    | Entered Level 1 of the Orcish Mines
 23975 | Orc:1    | Found Kaitij's Armour Boutique.
 23983 | Orc:1    | Bought the +10 tower shield of Ignorance {rN+ Int-4} for
                  | 802 gold pieces
 23983 | Orc:1    | Found the +10 tower shield of Ignorance {rN+ Int-4}
 24054 | Orc:1    | Reached skill level 5 in Invocations
 24389 | Orc:2    | Entered Level 2 of the Orcish Mines
 24403 | Orc:2    | Reached skill level 10 in Axes
 24431 | Orc:2    | Found a staircase to the Elven Halls.
 24585 | Orc:2    | Noticed Saint Roka
 24832 | Orc:2    | Lost intelligence.
 24842 | Orc:2    | Slain by Saint Roka

Illustrated notes

Levels and vault maps discovered:
D:1:      roderic_crossed_star, layout_basic, basic_ecumenical_altar,
          minmay_tall_x
D:2:      layout_loops_ring, basic_altar, uniq_crazy_yiuf_cottage
D:3:      layout_loops_cross, mainiacjoe_overflow_alcove_4, tgw_sif,
          uniq_sigmund
D:4:      layout_basic, nemelex_xobeh_ov_fountains_minmay, portal_sewer_entry_e,
          minmay_pentangle
D:5:      layout_basic, kennysheep_mini_moat, minmay_temple_entry_overgrown,
          serial_shops, shop, hex_medium, small_statue_intersection
D:6:      layout_basic, bloody_makhleb, ebering_ghost_gozag, minmay_manual_mail,
          uniq_pikel
D:7:      layout_basic, mainiacjoe_overflow_six_doors_small,
          hangedman_minor_gate_pass
D:8:      layout_rooms, mainiacjoe_overflow_chevrons, serial_shops,
          nicolae_shop_crystal
D:9:      layout_loops_cross, amcnicky_altar_gilded, gammafunk_ghost_necromancy
D:10:     layout_loops_ring, mainiacjoe_overflow_brackets, uniq_harold,
          uniq_joseph
D:11:     layout_basic, orc_0_dummy, serial_shops, shop,
          nicolae_hepliaklqana_hazy_memory
D:12:     layout_cave_pools, hellmonk_ghost_happy_afterlife, zin_scriptorium
Temple:   nicolae_temple_god_jail
Lair:1:   layout_cave_pods
Lair:2:   regret_index_tunnel_blossom, layout_regular_city,
          spider_nest_entry_rubble, gammafunk_ghost_ooze, basic_altar,
          portal_ice_cave_entry_imps, lemuel_fruit_tree, uniq_maggie
Lair:3:   layout_cave_pods, elwin_shoals_entry_rooms, uniq_nergalle
Lair:4:   layout_concentric_octagons, uniq_rupert
Lair:5:   layout_regular_city, guppyfry_lair_drakes
Lair:6:   hangedman_lair_tendril_chambers, layout_loops_ring, wormcave,
          slime_entry_1
Orc:1:    layout_caves, serial_shops, shop_statue, nicolae_orc_lost_temple
Orc:2:    grunt_orc_tribal_feast, layout_caves, guppyfry_orc_lava_fort,
          uniq_saint_roka

Skill      XL: |  1  2  3  4  5  6  7  8  9 10 11 12 13 14 15 |
---------------+----------------------------------------------+-----
Dodging        | 1 2 3 4 5 6 7 9 10 11 | 11.7
Shields        | 4 5 6 7 8 9 10 11 12 13 | 13.5
Armour         | 4 5 6 7 8 9 10 11 12 13 | 13.4
Fighting       | 4 5 6 7 8 9 10 11 12 13 | 13.3
Maces & Flails | 3 4 5 6 8 9 10 11 12 13 | 13.2
Stealth        | 1 4 6 8 9 11 | 11.3
Axes           | 3 5 7 8 9 10 | 10.3
Invocations    | 3 4 5 |  5.4
Evocations     | 2 4 |  4.9

Action                   |  1- 3 |  4- 6 |  7- 9 | 10-12 | 13-15 || total
-------------------------+-------+-------+-------+-------+-------++-------
Melee: Flail             |    81 |   129 |   212 |    41 |       ||   463
       Headbutt          |     8 |    19 |    47 |   150 |   234 ||   458
       War axe           |       |       |       |   522 |   894 ||  1416
       Kick              |       |       |       |    75 |    94 ||   169
Invok: Heroism           |       |       |       |     1 |     2 ||     3
Evoke: Phial of floods   |       |       |       |       |     1 ||     1
  Use: Potion            |     1 |       |       |     7 |     9 ||    17
       Scroll            |       |    12 |     2 |    11 |     9 ||    34
 Stab: Sleeping          |       |       |       |     4 |     6 ||    10
       Invisible         |       |       |       |       |     1 ||     1
Armor: Scale mail        |    43 |     5 |       |    15 |   120 ||   183
       Chain mail        |       |    53 |    87 |   197 |       ||   337
       Acid dragon scale |       |       |       |    18 |       ||    18
       Plate armour      |       |       |       |       |   207 ||   207
Dodge: Dodged            |    24 |    39 |    67 |   184 |   317 ||   631
Block: Buckler           |    22 |    29 |   101 |   260 |   403 ||   815
       Reflection        |       |       |       |    14 |    10 ||    24
       Tower shield      |       |       |       |       |   278 ||   278

Table legend: (Time is in decaauts)
 A = Elapsed time spent in this place.
 B = Non-inter-level travel time spent in this place.
 C = Inter-level travel time spent in this place.
 D = Time resting spent in this place.
 E = Time spent auto-exploring this place.
 F = Levels seen in this place.
 G = Mean time per level.
                   A        B        C        D        E       F      G
               +--------+--------+--------+--------+--------+-----+--------+
         Total |  25202 |  24000 |   1202 |   3375 |  14799 |  23 | 1095.7 |
       Dungeon |  14459 |  13662 |    797 |   2124 |   8670 |  12 | 1204.9 |
        Temple |     53 |     39 |     14 |      0 |     28 |   1 |   53.0 |
          Lair |   6900 |   6525 |    375 |    353 |   4273 |   6 | 1150.0 |
  Orcish Mines |    962 |    947 |     15 |     62 |    413 |   2 |  481.0 |
         Sewer |    994 |    994 |      0 |      0 |    733 |   1 |  994.0 |
      Ice Cave |   1831 |   1831 |      0 |    836 |    681 |   1 | 1831.0 |
               +--------+--------+--------+--------+--------+-----+--------+

Top non-repeatable levels by time:
   IceCv: 1831 daAuts
     D:7: 1713 daAuts
    D:11: 1702 daAuts
     D:6: 1629 daAuts
  Lair:6: 1555 daAuts
     D:9: 1393 daAuts
     D:5: 1369 daAuts
  Lair:2: 1278 daAuts
     D:8: 1274 daAuts
  Lair:3: 1243 daAuts
     D:4: 1090 daAuts
     D:2: 1080 daAuts
    D:10: 1079 daAuts
  Lair:1: 996 daAuts
   Sewer: 994 daAuts
